 Dungeon Crawl Stone Soup version 0.31-a0-841-g038b102fc3 (webtiles) character file.

Game seed: 9267683024905431340

5642 Kurtz the Cleaver (level 10, 0/69 HPs)
             Began as an Octopode Fighter on Sept 27, 2023.
             Was a Follower of Okawaru.
             Slain by Psyche the centaur
             ... wielding a +1 dagger of distortion
              (4 damage)
             ... on level 9 of the Dungeon.
             The game lasted 00:10:58 (10013 turns).

Kurtz the Cleaver (Octopode Fighter)               Turns: 10013, Time: 00:11:01

Health: 0/69       AC:  1    Str: 18    XL:     10   Next: 74%
Magic:  12/12      EV: 15    Int: 10    God:    Okawaru [*.....]
Gold:   483        SH:  5    Dex: 14    Spells: 9/9 levels left

rFire   . . .        g - +2 hand axe (elec)
rCold   . . .        b - +0 buckler
rNeg    + . .        C - +0 hat
rPois   .            (no amulet)
rElec   .            w - ring of positive energy
rCorr   .            (no ring)
SInv    .            (no ring)
Will    .....        (no ring)
Stlth   ++++         (no ring)
HPRegen 0.31/turn    (no ring)
MPRegen 0.13/turn    (no ring)
                     (no ring)

%: no passive effects
@: no status effects
A: almost no armour, amphibious, 8 rings, camouflage 1, gelatinous body 1,
(nimble swimmer 1), tentacles
a: Renounce Religion, Heroism


You were on level 9 of the Dungeon.
You worshipped Okawaru.
Okawaru was aware of your devotion.
You visited 2 branches of the dungeon, and saw 10 of its levels.

You collected 483 gold pieces.

Inventory:

Hand Weapons
 a - a +0 war axe
 g - a +2 hand axe of electrocution (weapon)
 o - a +0 whip of electrocution
 r - a +6 hand axe
Missiles
 k - 3 boomerangs
 p - 9 poisoned darts (quivered)
 A - 8 javelins
 E - 2 silver javelins
 H - 3 throwing nets
Armour
 b - a +0 buckler (worn)
 C - a +0 hat (worn)
Jewellery
 i - a ring of fire
 w - a ring of positive energy (left tentacle)
Wands
 j - a wand of polymorph (7)
 F - a wand of digging (5)
 I - a wand of paralysis (2)
Scrolls
 c - 2 scrolls of blinking {unknown}
 d - 5 scrolls of identify {unknown}
 e - 4 scrolls of amnesia {unknown}
 f - 2 scrolls of revelation {unknown}
 h - 3 scrolls of enchant weapon {unknown}
 l - 2 scrolls of fear {unknown}
 n - 4 scrolls of teleportation {unknown}
 q - 2 scrolls of fog {unknown}
 s - a scroll of noise {unknown}
 y - a scroll of enchant armour {unknown}
Potions
 m - 3 potions of curing
 t - 2 potions of invisibility {unknown}
 u - a potion of magic {unknown}
 v - a potion of cancellation {unknown}
 x - a potion of haste
 z - a potion of heal wounds
 D - 2 potions of brilliance {unknown}
 G - a potion of resistance {unknown}


   Skills:
 + Level 6.7 Fighting
 * Level 12.3 Axes
 - Level 6.6 Dodging
 + Level 5.2 Stealth
 - Level 3.0 Shields
 * Level 3.7 Invocations


You had 9 spell levels left.
You didn't know any spells.
Your spell library contained the following spells:

 Spells                   Type           Power      Damage    Failure   Level
 Kiss of Death            Conj/Necr      0%         2d5       43%         1
 Confusing Touch          Hex            0%         N/A       82%         3
 Gell's Gravitas          Tloc           0%         N/A       82%         3
 Teleport Other           Tloc           0%         N/A       82%         3
 Dispel Undead            Necr           0%         3d6       99%         4
 Dispersal                Tloc           0%         N/A       100%        6


Dungeon Overview and Level Annotations

Branches:
Dungeon (9/15)             Temple (1/1) D:4            Lair (0/5) D:8
    Orc: D:9-12

Altars:
Ashenzari
Cheibriados
Dithmenos
Elyvilon
Fedhas
Gozag
Hepliaklqana
Kikubaaqudgha
Makhleb
Nemelex Xobeh
Okawaru
Qazlal
Ru
Sif Muna
Trog
Uskayaw
Wu Jian
Yredelemnul
The Shining One

Annotations:
D:5 exclusion: downstairs
D:9 Psyche


Innate Abilities, Weirdness & Mutations

You cannot wear most types of armour.
You are amphibious.
You can wear up to eight rings at the same time.
Your skin changes colour to match your surroundings (Stealth+).
Your rubbery body absorbs attacks. (AC +1, EV +1)
((You are camouflaged when in or above water. (Stealth+)))
You have tentacles for arms and can constrict up to eight enemies at once.


Message History

A swirling arc of seething chaos appears!
The arc of chaos hits you!
Aiming: Polymorph
Press: ? - help, Shift-Dir - straight line, f/p - Psyche
Aim: Psyche, wielding a +1 dagger of distortion, wearing a +2 robe of fire resistance and carrying a wand of flame (will become an ogre, a centaur, or a fire bat, chance to affect: 17%) Psyche resists with almost no effort.
Aiming: Polymorph
Press: ? - help, Shift-Dir - straight line, f/p - Psyche
Aim: Psyche, wielding a +1 dagger of distortion, wearing a +2 robe of fire resistance and carrying a wand of flame (will become an ogre, a centaur, or a fire bat, chance to affect: 17%) Psyche evaporates and reforms as a centaur!
Psyche picks up a +1 dagger of distortion.
Psyche wields a +1 dagger of distortion.
Its appearance distorts for a moment.
Psyche picks up a +2 robe of fire resistance.
Psyche wears a +2 robe of fire resistance.
Psyche picks up a wand of flame (11).
Psyche zaps a wand.
The puff of flame hits you!
Psyche zaps a wand.
The puff of flame misses you.
You start resting.
Psyche is nearby!
Psyche misses you. Psyche barely misses you.
You slash Psyche!
Psyche is moderately wounded.
Psyche hits you with a +1 dagger of distortion.
Psyche closely misses you.
You hit Psyche.
Psyche is moderately wounded.
Psyche hits you with a +1 dagger of distortion.
Space warps horribly around you!!
* * * LOW HITPOINT WARNING * * *
Psyche completely misses you.
Unknown command.
You barely miss Psyche.
Psyche is moderately wounded.
Psyche closely misses you. Psyche kicks you.
* * * LOW HITPOINT WARNING * * *
Psyche hits you with a +1 dagger of distortion.
* * * LOW HITPOINT WARNING * * *
Space warps around you.
You die...

#+# #.#.###.# #.#
#######.......# #.#
#.....###.#####
##.###.###.###.#
##...........##.#
#.....#.#.#..##.#
##....#......##.#
####..#.###.##.##c#
......#.# #.....@.#
#####.#.# ####)####
#.#.######.#
#.#........#
#.########## #.#
#.############
#.##.........#
#####.##.#######.#


You could see Psyche the centaur.

Vanquished Creatures
  Harold (D:9)
  A two-headed ogre (D:8)
  Jeremiah (D:9)
  A queen bee (D:9)
  A hornet (D:6)
  Prince Ribbit (D:7)
  Sigmund (D:2)
  Eustachio (D:5)
  2 steam dragons
  A water moccasin (D:8)
  A sky beast (D:8)
  An orc warrior (D:7)
  3 black bears
  An ice beast (D:6)
  A phantom (D:7)
  2 kobold brigands
  2 bullfrogs
  4 scorpions
  3 wights (D:9)
  14 killer bees
  3 howler monkeys
  2 jellies
  3 hounds
  A gnoll bouda (D:4)
  7 orc priests
  2 iguanas
  A sleepcap (D:6)
  Jessica (D:2)
  3 orc wizards
  22 gnolls
  9 adders
  A shadow imp (D:5)
  An ufetubus (D:6)
  A worm (D:2)
  A dart slug (D:3)
  22 orcs
  3 endoplasms
  4 giant cockroaches
  6 goblins
  6 hobgoblins
  6 jackals
  3 quokkas
  3 ball pythons
  5 bats
  9 kobolds
  A rat (D:3)
169 creatures vanquished.

Notes
Turn   | Place    | Note
-------+----------+-------------------------------------------
     0 | D:1      | Kurtz the Octopode Fighter began the quest for the Orb.
     0 | D:1      | Reached XP level 1. HP: 16/16 MP: 1/1
   254 | D:1      | Reached XP level 2. HP: 21/21 MP: 2/2
   563 | D:1      | Reached skill level 3 in Axes
  1000 | D:2      | Noticed Jessica
  1012 | D:2      | Reached XP level 3. HP: 17/26 MP: 3/3
  1012 | D:2      | Killed Jessica
  1013 | D:2      | Reached XP level 4. HP: 19/31 MP: 4/4
  1091 | D:2      | Reached skill level 4 in Axes
  1193 | D:2      | Noticed Sigmund
  1221 | D:2      | Killed Sigmund
  1222 | D:2      | Reached skill level 5 in Axes
  1222 | D:2      | Reached XP level 5. HP: 22/37 MP: 5/5
  1288 | D:2      | Identified the +1 mace of the Abyss {drain, rF+ Will++}
  1405 | D:2      | Reached XP level 6. HP: 41/43 MP: 6/6
  2575 | D:4      | Reached skill level 6 in Axes
  2608 | D:5      | Entered Level 5 of the Dungeon
  2608 | D:5      | Noticed Eustachio
  2609 | D:5      | Noticed a black bear
  2614 | D:5      | Killed Eustachio
  2615 | D:5      | Reached XP level 7. HP: 11/48 MP: 7/7
  2619 | D:5      | Reached skill level 7 in Axes
  3116 | D:5      | Reached skill level 1 in Stealth
  3353 | D:5      | Found a stormy altar of Qazlal.
  3784 | D:5      | Reached skill level 8 in Axes
  3790 | D:5      | Reached XP level 8. HP: 49/54 MP: 8/8
  4189 | D:6      | Reached skill level 5 in Fighting
  4551 | D:6      | Noticed a hornet
  4980 | D:7      | Noticed Prince Ribbit
  4991 | D:7      | Killed Prince Ribbit
  4992 | D:7      | Reached skill level 9 in Axes
  5297 | D:7      | Reached XP level 9. HP: 62/62 MP: 9/9
  5316 | D:7      | Reached skill level 5 in Dodging
  6624 | D:4      | Reached skill level 10 in Axes
  6801 | D:4      | Found a staircase to the Ecumenical Temple.
  6839 | Temple   | Entered the Ecumenical Temple
  6854 | Temple   | Became a worshipper of Warmaster Okawaru
  7328 | D:4      | Reached skill level 1 in Invocations
  7934 | D:6      | Killed a hornet
  8235 | D:8      | Found a staircase to the Lair.
  8260 | D:8      | Reached * piety under Okawaru
  8430 | D:8      | Reached XP level 10. HP: 25/68 MP: 11/11
  8581 | D:8      | Found a blossoming altar of Fedhas.
  8599 | D:8      | Noticed a two-headed ogre
  8618 | D:8      | Killed a two-headed ogre
  8619 | D:8      | Reached skill level 11 in Axes
  9145 | D:9      | Noticed Harold
  9197 | D:9      | Paralysed by Harold for 3 turns
  9209 | D:9      | Killed Harold
  9778 | D:9      | Reached skill level 12 in Axes
  9792 | D:9      | Reached skill level 5 in Stealth
  9810 | D:9      | Noticed Jeremiah
  9834 | D:9      | Killed Jeremiah
  9994 | D:9      | Noticed Psyche
  9997 | D:9      | Psyche changed into Psyche the centaur
  9997 | D:9      | Noticed Psyche
 10013 | D:9      | Slain by Psyche the centaur

Illustrated notes

Levels and vault maps discovered:
D:1:      minmay_arrival_shoal_huts, layout_basic
D:2:      layout_loops_ring, serial_park_tiny_2, minmay_misc_feat_room,
          uniq_sigmund, uniq_jessica
D:3:      layout_loops_ring
D:4:      layout_loops_ring, temple_statues, chequers_serial_rivers_marsh
D:5:      layout_basic, mainiacjoe_overflow_boulevard, uniq_eustachio
D:6:      layout_gridville
D:7:      layout_basic, uniq_prince_ribbit1
D:8:      layout_basic, general_overflow_altar, dpeg_oklobed_lair
D:9:      layout_loops_corners, lemuel_round_altar, lemuel_crystal_altar,
          minivault_7, uniq_harold, uniq_jeremiah, uniq_psyche
Temple:   nicolae_temple_bog_church

Skill      XL: |  1  2  3  4  5  6  7  8  9 10 |
---------------+-------------------------------+-----
Axes           | 3 5 6 8 9 10 12 | 12.3
Fighting       | 4 5 6 |  6.7
Stealth        | 1 3 5 |  5.2
Dodging        | 4 6 |  6.6
Invocations    | 2 3 |  3.7
Shields        | |  3.0

Action                     |  1- 3 |  4- 6 |  7- 9 | 10-12 || total
---------------------------+-------+-------+-------+-------++-------
  Melee: War axe           |    43 |    68 |    52 |       ||   163
         Tentacles         |     9 |    12 |    62 |    22 ||   105
         Constrict         |     9 |    12 |    55 |    14 ||    90
         Punch             |       |     3 |     6 |     4 ||    13
         Hand axe          |       |       |   187 |    87 ||   274
  Throw: Dart              |       |       |     2 |     4 ||     6
         Javelin           |       |       |     4 |     1 ||     5
         Throwing net      |       |       |       |     1 ||     1
 Invoke: Heroism           |       |       |       |     2 ||     2
  Evoke: Wand              |       |       |    24 |     4 ||    28
    Use: Potion            |       |     1 |     6 |     2 ||     9
   Stab: Sleeping          |     2 |     6 |     5 |       ||    13
         Distracted        |       |       |     2 |       ||     2
         Held in net/web   |       |       |       |     2 ||     2
 Armour: Skin              |    19 |    38 |   115 |    32 ||   204
  Dodge: Dodged            |    49 |    31 |   129 |    51 ||   260
  Block: Buckler           |    14 |    11 |    54 |     8 ||    87

Table legend: (Time is in decaauts)
 A = Elapsed time spent in this place.
 B = Non-inter-level travel time spent in this place.
 C = Inter-level travel time spent in this place.
 D = Time resting spent in this place.
 E = Time spent auto-exploring this place.
 F = Levels seen in this place.
 G = Mean time per level.
                   A        B        C        D        E       F      G
               +--------+--------+--------+--------+--------+-----+--------+
         Total |  10001 |   8987 |   1014 |   2490 |   5065 |  10 | 1000.1 |
       Dungeon |   9970 |   8986 |    984 |   2490 |   5065 |   9 | 1107.8 |
        Temple |     30 |      1 |     29 |      0 |      0 |   1 |   30.0 |
               +--------+--------+--------+--------+--------+-----+--------+

Top non-repeatable levels by time:
     D:5: 1938 daAuts
     D:6: 1318 daAuts
     D:8: 1206 daAuts
     D:7: 1182 daAuts
     D:2: 982 daAuts
     D:1: 971 daAuts
     D:4: 904 daAuts
     D:3: 739 daAuts
     D:9: 727 daAuts
  Temple: 30 daAuts
